 Dungeon Crawl Stone Soup version 0.27-a0-457-gba82baf56e (webtiles) character file.

Game seed: 9350487260624155804

110861 Morbidden the Thaumaturge (level 15, -8/124 HPs)
             Began as a Demigod Conjurer on Feb 28, 2021.
             Killed from afar by a will-o-the-wisp (18 damage)
             ... with a foxfire
             ... on level 1 of the Swamp.
             The game lasted 00:57:28 (41579 turns).

Morbidden the Thaumaturge (Demigod Conjurer)       Turns: 41579, Time: 00:57:29

Health: -8/124     AC: 24    Str: 11    XL:     15   Next: 60%
Magic:  34/54      EV:  9    Int: 40    God:
Gold:   2734       SH: 13    Dex:  9    Spells: 19/39 levels left

rFire    . . .     SeeInvis +   a - staff of conjuration
rCold    . . .     Faith    .   C - +0 kite shield
rNeg     + + +     Spirit   .   y - +8 ring mail of Daffodils {rN++}
rPois    .         Reflect  +   K - +3 helmet of the Robin {Stlth+}
rElec    .         Harm     .   G - +0 cloak "Uqafan" {rN+++ Dex-3}
rCorr    .         Rampage  .   L - +2 pair of gloves {archery}
Will     +....                  q - +0 pair of boots
Stlth    +++.......             b - amulet of reflection
HPRegen  0.30/turn              N - ring of magical power
MPRegen  0.34/turn              H - ring of Uskayaw's Generosity {+Fly rN+ MP+9 Str+3 SInv}

@: no status effects
A: high mp 1
a: Evoke Flight


You were on level 1 of the Swamp.
You visited 4 branches of the dungeon, and saw 24 of its levels.
You also visited: Ossuary and Ice Cave.

You collected 4018 gold pieces.
You spent 1284 gold pieces at shops.

Inventory:

Missiles
 e - 14 javelins
 T - 2 curare-tipped darts (quivered)
Armour
 q - a +0 pair of boots (worn)
 y - the +8 ring mail of Daffodils (worn) {rN++}
   (You found it on level 6 of the Dungeon)

   It greatly protects you from negative energy.
 C - a +0 kite shield (worn)
 G - the +0 cloak "Uqafan" (worn) {rN+++ Dex-3}
   (You bought it in a shop on level 8 of the Dungeon)

   It affects your dexterity (-3).
   It renders you almost immune to negative energy.
 K - the +3 helmet of the Robin (worn) {Stlth+}
   (You found it on level 10 of the Dungeon)

   It makes you more stealthy.
 L - a +2 pair of gloves of archery (worn)
Magical Staves
 a - a staff of conjuration (weapon)
 I - a staff of death
Jewellery
 b - an amulet of reflection (around neck)
 s - a ring of see invisible
 E - a ring of resist corrosion
 H - the ring of Uskayaw's Generosity (right hand) {+Fly rN+ MP+9 Str+3 SInv}
   (You bought it in a shop on level 2 of the Orcish Mines)

   [ring of flight]

   It affects your strength (+3).
   It protects you from negative energy.
   It affects your magic capacity (+9).
   It lets you see invisible.
   It lets you fly.
 J - the ring "Sucuniol" {Will+ Dex+5 SInv}
   (You took it off an orc on level 15 of the Dungeon)

   [ring of willpower]

   It affects your dexterity (+5).
   It affects your willpower, your defense against some magical effects.
   It lets you see invisible.
 N - a ring of magical power (left hand)
Wands
 w - a wand of random effects (43)
 x - a wand of digging (16)
 F - a wand of flame (18)
 R - a wand of paralysis (12)
 U - a wand of iceblast (8)
Scrolls
 d - a scroll of enchant weapon
 k - 5 scrolls of amnesia
 l - 6 scrolls of enchant armour
 n - 3 scrolls of noise
 o - 13 scrolls of identify
 p - 2 scrolls of immolation
 u - a scroll of fog
 z - 7 scrolls of teleportation
 D - 4 scrolls of vulnerability
 Q - a scroll of silence
 X - a scroll of brand weapon
Potions
 c - 13 potions of curing
 f - 7 potions of mutation {unknown}
 g - 3 potions of heal wounds
 h - 2 potions of lignification {unknown}
 i - 8 potions of haste
 m - 6 potions of degeneration
 r - 5 potions of flight
 v - 2 potions of magic
 A - a potion of brilliance
 B - 3 potions of attraction
 O - 3 potions of cancellation
 S - 2 potions of resistance
 V - a potion of invisibility
 Y - a potion of might
Miscellaneous
 t - a phantom mirror


   Skills:
 - Level 9.0 Fighting
 + Level 7.9(8.2) Polearms
 * Level 2.8(5.8) Staves
 * Level 1.1 Throwing
 + Level 5.7 Armour
 + Level 5.0 Dodging
 + Level 3.8 Stealth
 * Level 3.2 Shields
 + Level 0.3 Unarmed Combat
 * Level 12.5 Spellcasting
 + Level 10.7 Conjurations
 + Level 7.1 Translocations
 * Level 2.9 Transmutations
 + Level 4.3 Ice Magic
 * Level 9.4 Air Magic
 * Level 2.7 Earth Magic
 * Level 6.8 Evocations


You had 19 spell levels left.
You knew the following spells:

 Your Spells              Type           Power        Failure   Level
a - Iskenderun's Mystic   Conj/Tloc      98%          3%          4
b - Airstrike             Air            39%          2%          4
c - Magic Dart            Conj           100%         1%          1
d - Statue Form           Tmut/Erth      32%          99%         6
x - Frozen Ramparts       Ice            100%         7%          3
z - Searing Ray           Conj           100%         1%          2

Your spell library contained the following spells:

 Spells                   Type           Power        Failure   Level
 Apportation              Tloc           100%         1%          1
 Shock                    Conj/Air       100%         1%          1
 Swiftness                Air            79%          1%          2
 Static Discharge         Conj/Air       100%         1%          3
 Freeze                   Ice            100%         2%          1
 Dazzling Flash           Conj/Hex       100%         4%          3
 Hailstorm                Conj/Ice       91%          6%          4
 Lightning Bolt           Conj/Air       51%          6%          5
 Ozocubu's Armour         Ice            56%          7%          3
 Animate Skeleton         Necr           50%          14%         1
 Corona                   Hex            27%          14%         1
 Summon Small Mammal      Summ           100%         14%         1
 Fulminant Prism          Conj/Hex       40%          14%         4
 Summon Ice Beast         Ice/Summ       42%          50%         4
 Bolt of Magma            Conj/Fire/Erth 37%          52%         5
 Animate Armour           Summ/Erth      72%          58%         4
 Leda's Liquefaction      Hex/Erth       18%          58%         4
 Iron Shot                Conj/Erth      43%          78%         6
 Chain Lightning          Conj/Air       51%          100%        8
 Lehudib's Crystal Spear  Conj/Erth      43%          100%        8
 Absolute Zero            Ice            28%          100%        9
 Fire Storm               Conj/Fire      40%          100%        9
 Shatter                  Erth           23%          100%        9


Dungeon Overview and Level Annotations

Branches:
Dungeon (15/15)            Temple (0/1) D:5            Lair (6/6) D:10
  Swamp (1/4) Lair:2        Snake (0/4) Lair:4        Slime (0/5) Lair:6
    Orc (2/2) D:11            Elf (0/3) Orc:2        Vaults (0/5) D:13
 Depths (0/5) D:15        Ossuary (visited)           IceCv (visited)

Shops:
D:8 [[[[(   D:9 =   Orc:2 ?!(=(

Annotations:
D:10 exclusion: orange crystal statue, Snorg
D:13 1 runed translucent door, Runute's ghost, journeyman GrEE
Lair:1 exclusion: 3 oklob plants


Innate Abilities, Weirdness & Mutations

You have an increased reservoir of magic. (+10% MP)


Message History

Unknown command.
Unknown command.
Unknown command.
Unknown command.
Casting: Airstrike (mildly dangerous; 2% risk of failure)
Confirm with . or Enter, or press ? or * to list all spells.
You feel a surge of power!
You erupt in a blast of force!
The mystic blast hits the spriggan rider!!
You kill the spriggan rider!
You kill the hornet!
You hear a splash.
The mystic blast hits the goliath frog!
The goliath frog is moderately wounded.
The goliath frog is knocked back by the mystic blast.
The will-o-the-wisp gestures.
The will-o-the-wisp conjures some foxfire!
Your Throwing skill increases to level 1! 2 foxfires come into view.
The foxfire dissipates!
The foxfire hits you but does no damage.
An eleionoma comes into view.
A tyrant leech comes into view.
The foxfire hits you!
* * * LOW HITPOINT WARNING * * *
Unknown command.
Unknown command.
Unknown command.
Unknown command.
Unknown command.
Unknown command.
Unknown command.
Okay, then.
Okay, then.
As you read the scroll of fear, it crumbles to dust.
You assume a fearsome visage.
The goliath frog looks frightened!
The will-o-the-wisp is unaffected.
The tyrant leech looks frightened!
The goliath frog looks frightened!
The foxfire is unaffected.
The eleionoma easily resists.
The seven-headed hydra looks frightened!
The goliath frog looks frightened!
The bunyip looks frightened!
The tyrant leech looks frightened!
The foxfire hits you!!
You die...

..≈≈..♣≈?≈≈
.R.......≈
≈≈..≈F...≈
..≈.≈≈≈...
♣♣..≈≈≈F≈
♣..≈...F♣♣
♣♣.≈§≈...≈♣♣♣♣♣≈
≈.
♣≈≈≈≈≈§§@.§..w.≈
...
♣♣≈.≈≈≈§xv...≈≈$≈
...≈
♣≈.≈≈≈§)§≈≈..♣♣♣w
#..♣♣.≈≈.§D≈≈≈≈≈.♣
.....≈≈≈v...≈≈≈≈≈♣
#.......≈.≈≈§≈♣♣
#.##..§.≈≈♣♣..≈≈.♣
......≈<...≈≈...≈♣
.......≈.≈≈≈≈..≈♣♣


You could see a bunyip (fleeing), an eleionoma, a seven-headed hydra (fleeing),
2 tyrant leeches, 3 goliath frogs and a will-o-the-wisp.

Vanquished Creatures
  A frost giant (IceCv)
  The ghost of Jugh the Grappler, a journeyman DDFi of Ru (Lair:3)
  Josephine (Lair:6)
  2 yaktaur captains
  10 hydras
  Erolcha (Orc:2)
  2 ogre magi (Orc:2)
  3 boulder beetles
  3 centaur warriors
  4 catoblepae
  A two-headed ogre (D:10)
  8 death yaks
  Sonja (Lair:3)
  Nergalle (D:12)
  A spriggan (Swamp:1)
  3 skeletal warriors (D:11)
  An unseen horror (D:15)
  2 lindwurms
  A wizard (D:15)
  A deep elf pyromancer (D:12)
  An orc knight (Orc:2)
  8 orc sorcerers (Orc:2)
  2 manticores
  An oklob plant (Lair:1)
  20 ugly things
  5 cyclopes
  2 moths of wrath (Lair:3)
  A centaur zombie (D:14)
  10 elephants
  An ice statue (IceCv)
  6 black mambas
  A gargoyle (D:10)
  2 torpor snails (Lair:4)
  6 rime drakes
  20 cane toads
  2 efreet
  Psyche (D:12)
  2 kobold demonologists (D:14)
  3 yaktaurs
  7 komodo dragons
  2 ice devils (D:13)
  18 polar bears
  3 trolls
  2 hornets
  5 tyrant leeches (Lair:6)
  3 dream sheep
  9 slime creatures
  19 blink frogs
  A vampire (D:10)
  5 large abominations (D:15)
  9 wraiths
  18 wyverns
  60 yaks
  12 basilisks
  2 steam dragons
  14 vampire mosquitoes
  Menkaure (D:7)
  A soldier ant (D:12)
  7 small abominations (D:15)
  2 wargs
  A swamp worm (Swamp:1)
  3 acid dragons (Lair:6)
  3 nagas (Lair:4)
  A water moccasin (shapeshifter) (D:15)
  24 water moccasins
  4 ice beasts
  14 orc warriors
  A hell hound (Lair:5)
  A hornet zombie (D:10)
  2 necrophages
  3 sky beasts
  3 black bears (D:10)
  12 ogres
  14 wolves
  An eye of draining (D:15)
  5 centaurs
  4 phantoms
  Blork the orc (D:5)
  22 bullfrogs
  7 water moccasin zombies (Ossuary)
  6 scorpions
  12 killer bees
  10 wights
  3 electric eels
  3 howler monkeys
  A lava snake (Lair:2)
  3 bullfrog zombies
  6 jellies
  6 hounds
  16 orc priests
  4 centaur skeletons
  Natasha (thrice) (D:3)
  2 iguanas
  31 orc wizards
  10 worker ants
  15 hell rats
  2 mummies (Ossuary)
  A worker ant zombie (D:5)
  A howler monkey skeleton (D:10)
  14 gnolls
  12 adders
  7 river rats (Lair:2)
  2 shadow imps (D:5)
  3 white imps
  An ufetubus (D:10)
  3 oozes
  4 adder zombies (Ossuary)
  An adder skeleton (D:6)
  3 worms
  4 dart slugs
  8 leopard geckos
  59 orcs
  6 giant cockroaches
  4 gnoll zombies (Ossuary)
  4 goblins
  3 hobgoblins
  8 jackals
  4 quokkas
  5 bats
  12 frilled lizards
  3 hobgoblin zombies (Ossuary)
  A jackal skeleton (D:3)
  5 kobolds
  7 kobold zombies (Ossuary)
  A leopard gecko skeleton (D:4)
  3 orc zombies (Ossuary)
  14 rats
804 creatures vanquished.

Vanquished Creatures (others)
  A manticore (D:15)
  7 foxfires (Swamp:1)
  55 fungi
  174 plants
237 creatures vanquished.

Grand Total: 1041 creatures vanquished

Notes
Turn   | Place    | Note
-------+----------+-------------------------------------------
     0 | D:1      | Morbidden the Demigod Conjurer began the quest for the Orb.
     0 | D:1      | Reached XP level 1. HP: 14/14 MP: 5/5
   220 | D:1      | Reached XP level 2. HP: 22/22 MP: 1/7
   280 | D:1      | Learned a level 2 spell: Searing Ray
  1236 | D:2      | Reached XP level 3. HP: 27/27 MP: 2/8
  1305 | D:2      | Reached skill level 2 in Spellcasting
  1431 | D:2      | Reached XP level 4. HP: 31/34 MP: 3/9
  2706 | D:3      | Found a broken altar of Ashenzari.
  2797 | D:3      | Reached skill level 1 in Fighting
  2868 | D:3      | Reached skill level 5 in Conjurations
  3107 | D:3      | Learned a level 4 spell: Iskenderun's Mystic Blast
  3117 | D:3      | Noticed Natasha
  3120 | D:3      | Killed Natasha
  3177 | D:3      | Noticed Natasha
  3183 | D:3      | Killed Natasha
  3184 | D:3      | Reached XP level 5. HP: 41/41 MP: 6/11
  3424 | D:3      | Found a stormy altar of Qazlal.
  3727 | D:3      | Found a broken altar of Ashenzari.
  3750 | D:3      | Noticed Natasha
  3756 | D:3      | Killed Natasha
  3896 | D:3      | Found a stormy altar of Qazlal.
  4441 | D:4      | Reached XP level 6. HP: 48/48 MP: 4/12
  4530 | D:4      | Found a sand-covered staircase.
  4535 | Ossuary  | Entered an ossuary
  4574 | Ossuary  | Reached skill level 1 in Translocations
  4579 | Ossuary  | Reached skill level 3 in Spellcasting
  4775 | Ossuary  | Reached XP level 7. HP: 40/56 MP: 2/15
  5347 | D:4      | Reached skill level 4 in Spellcasting
  5634 | D:4      | Found a glowing silver altar of Zin.
  6032 | D:4      | Reached XP level 8. HP: 63/63 MP: 15/18
  6234 | D:4      | You fall into a shaft and drop 3 floors!
  7030 | D:7      | Noticed Menkaure
  7048 | D:7      | Killed Menkaure
  7049 | D:7      | Reached skill level 5 in Spellcasting
  7942 | D:7      | Learned a level 3 spell: Frozen Ramparts
  8156 | D:6      | Identified the +8 ring mail of Daffodils {rN++}
  8632 | D:6      | Reached skill level 1 in Ice Magic
  8642 | D:6      | Reached skill level 1 in Shields
  8645 | D:6      | Reached skill level 1 in Polearms
  8805 | D:6      | Reached XP level 9. HP: 70/70 MP: 12/20
  9330 | D:5      | Entered Level 5 of the Dungeon
  9366 | D:5      | Found a staircase to the Ecumenical Temple.
  9780 | D:5      | Found a shadowy altar of Dithmenos.
 10101 | D:5      | Reached skill level 1 in Armour
 10256 | D:5      | Noticed Blork the orc
 10262 | D:5      | Killed Blork the orc
 10958 | D:8      | Found Papheuhea's Antique Armour Shop.
 10966 | D:8      | Bought an encrusted cloak for 256 gold pieces
 10966 | D:8      | Identified the +0 cloak "Uqafan" {rN+++ Dex-3} (You bought
                  | it in a shop on level 8 of the Dungeon)
 11112 | D:8      | Found Yboreim's Armour Shop.
 11289 | D:8      | Found Vogesoyd's Armour Boutique.
 11383 | D:8      | Found Gazihe's Armour Boutique.
 11534 | D:8      | Found a shimmering altar of Xom.
 11540 | D:8      | Found a glowing golden altar of the Shining One.
 11540 | D:8      | Found an opulent altar of Gozag.
 11542 | D:8      | Found a shimmering altar of Xom.
 11542 | D:8      | Found a shimmering altar of Xom.
 11542 | D:8      | Found a glowing golden altar of the Shining One.
 11650 | D:8      | Found Duutiyrgh's Weapon Boutique.
 11662 | D:8      | Found an ancient bone altar of Kikubaaqudgha.
 12183 | D:9      | Identified the +1 ring mail of the Snail {Harm Dex+5}
 12411 | D:9      | Found Erula's Jewellery Boutique.
 12835 | D:9      | Reached skill level 6 in Spellcasting
 13223 | D:10     | Entered Level 10 of the Dungeon
 13362 | D:10     | Noticed a two-headed ogre
 13372 | D:10     | Killed a two-headed ogre
 13373 | D:10     | Reached XP level 10. HP: 68/80 MP: 8/23
 13842 | D:10     | Reached skill level 7 in Spellcasting
 13983 | D:10     | Identified the +3 helmet of the Robin {Stlth+}
 14163 | D:10     | Found a staircase to the Lair.
 14616 | D:10     | Reached skill level 5 in Fighting
 14780 | D:10     | Noticed an orange crystal statue
 14796 | D:10     | Noticed Snorg
 15282 | D:11     | Learned a level 4 spell: Airstrike
 15315 | D:11     | Found a staircase to the Orcish Mines.
 15477 | D:11     | Noticed an eight-headed hydra
 15486 | D:11     | Killed an eight-headed hydra
 15487 | D:11     | Reached skill level 5 in Translocations
 15487 | D:11     | Reached XP level 11. HP: 88/88 MP: 10/26
 15508 | D:11     | Noticed a skeletal warrior
 15612 | D:11     | Noticed a skeletal warrior
 15612 | D:11     | Noticed a skeletal warrior
 15678 | Lair:1   | Entered Level 1 of the Lair of Beasts
 15695 | Lair:1   | Reached skill level 1 in Air Magic
 17421 | Lair:2   | Found a staircase to the Swamp.
 17649 | Lair:2   | Reached skill level 8 in Spellcasting
 17651 | Lair:2   | Reached skill level 1 in Evocations
 18961 | Lair:2   | Noticed a six-headed hydra
 18968 | Lair:2   | Killed a six-headed hydra
 19695 | Lair:3   | Found a transporter.
 19699 | Lair:3   | Noticed a five-headed hydra
 20179 | Lair:3   | Found a transporter.
 20183 | Lair:3   | Noticed Jugh's ghost (journeyman DDFi)
 20207 | Lair:3   | Killed a five-headed hydra
 20210 | Lair:3   | Reached XP level 12. HP: 97/97 MP: 9/29
 20213 | Lair:3   | Killed Jugh's ghost
 20215 | Lair:3   | Identified the +0 helmet of the Peculiar Spirits {Harm
                  | rPois rC- Dex+3}
 20472 | Lair:3   | Noticed Sonja
 20479 | Lair:3   | Killed Sonja
 20837 | Lair:4   | Noticed a four-headed hydra
 20846 | Lair:4   | Killed a four-headed hydra
 20929 | Lair:4   | Reached skill level 9 in Spellcasting
 20933 | Lair:4   | Reached skill level 10 in Conjurations
 21533 | Lair:4   | Reached skill level 5 in Polearms
 21784 | Lair:4   | Noticed a five-headed hydra
 21956 | Lair:4   | Noticed a catoblepas
 21984 | Lair:4   | Killed a catoblepas
 22121 | Lair:4   | Found a staircase to the Snake Pit.
 22142 | Lair:4   | Reached skill level 5 in Armour
 22530 | Lair:4   | Noticed a catoblepas
 22578 | Lair:4   | Killed a catoblepas
 22812 | Lair:4   | Killed a five-headed hydra
 23598 | Lair:4   | Reached XP level 13. HP: 105/105 MP: 23/31
 24070 | Lair:5   | Identified the +0 leather armour "Trusted Companion" {rCorr
                  | Slay+5}
 24620 | Lair:5   | Reached skill level 10 in Spellcasting
 24624 | Lair:5   | Reached skill level 5 in Air Magic
 25969 | Lair:6   | Entered Level 6 of the Lair of Beasts
 25972 | Lair:6   | Noticed Josephine
 26251 | Lair:6   | Reached skill level 5 in Evocations
 26255 | Lair:6   | Reached skill level 1 in Staves
 26260 | Lair:6   | Killed Josephine
 26539 | Lair:6   | HP: 3/107 [catoblepas/blast of calcifying dust (4)]
 26802 | Lair:6   | Reached skill level 11 in Spellcasting
 27013 | Lair:6   | Reached XP level 14. HP: 85/115 MP: 17/33
 28061 | Lair:6   | Found a staircase to the Slime Pits.
 28284 | Lair:6   | Identified the +9 longbow of Yredelemnul's Favour {freeze,
                  | Dex+4}
 30783 | D:12     | Noticed Psyche
 30842 | D:12     | Killed Psyche
 31072 | D:12     | Identified the +1 short sword "Dragon's Tongue" {elec,
                  | Str+4}
 31110 | D:12     | You fall into a shaft and drop 3 floors!
 31110 | D:15     | Entered Level 15 of the Dungeon
 31317 | D:15     | Identified the ring "Sucuniol" {Will+ Dex+5 SInv}
 31611 | D:14     | Found an opulent altar of Gozag.
 32532 | D:14     | Learned a level 6 spell: Statue Form
 32626 | D:13     | Found a gate to the Vaults.
 32761 | D:13     | Found a frozen archway.
 32907 | IceCv    | Entered an ice cave
 33983 | IceCv    | Reached skill level 1 in Earth Magic
 34177 | IceCv    | Noticed a frost giant
 34186 | IceCv    | Reached skill level 1 in Transmutations
 34191 | IceCv    | Killed a frost giant
 34192 | IceCv    | Reached skill level 12 in Spellcasting
 34674 | D:13     | Reached XP level 15. HP: 123/123 MP: 36/36
 34758 | D:13     | Found a runed translucent door.
 34759 | D:13     | Noticed Runute's ghost (journeyman GrEE)
 35364 | D:12     | Noticed Nergalle
 35378 | D:12     | Killed Nergalle
 35673 | D:12     | Found a sacrificial altar of Ru.
 36490 | D:15     | Found a shadowy altar of Dithmenos.
 36872 | D:15     | Found a staircase to the Depths.
 37345 | D:15     | Reached skill level 5 in Dodging
 37477 | D:15     | Identified a scroll of acquirement
 37477 | D:15     | Acquired 794 gold pieces
 37479 | D:15     | Identified the ring of Vampiric Thralls {+Inv rF+ Will+
                  | MP-9 Dex+4}
 38168 | Orc:1    | Entered Level 1 of the Orcish Mines
 38444 | Orc:1    | Found a roughly hewn altar of Beogh.
 38884 | Orc:2    | Entered Level 2 of the Orcish Mines
 38884 | Orc:2    | Found Sexoghati's Weapon Shoppe.
 39284 | Orc:2    | Found a staircase to the Elven Halls.
 39878 | Orc:2    | Found a radiant altar of Vehumet.
 39879 | Orc:2    | Noticed Erolcha
 40022 | Orc:2    | Found Seshrany's Antique Weapon Shop.
 40240 | Orc:2    | Found an ancient bone altar of Kikubaaqudgha.
 40311 | Orc:2    | Paralysed by an ogre mage for 4 turns
 40378 | Orc:2    | Found Sampuos's Magic Scroll Shop.
 40507 | Orc:2    | Killed Erolcha
 40661 | Orc:2    | Found a roughly hewn altar of Beogh.
 40668 | Orc:2    | Paralysed by an orc sorcerer for 2 turns
 40711 | Orc:2    | Found Itruamoe's Jewellery Boutique.
 40716 | Orc:2    | Found Daabeot's Distillery.
 40832 | Orc:2    | Bought the ring of Uskayaw's Generosity {+Fly rN+ MP+9
                  | Str+3 SInv} for 871 gold pieces
 40894 | Orc:2    | Bought a scroll of blinking for 112 gold pieces
 40894 | Orc:2    | Bought a scroll of teleportation for 45 gold pieces
 41053 | Swamp:1  | Entered Level 1 of the Swamp
 41061 | Swamp:1  | HP: 5/124 [seven-headed hydra (6)]
 41061 | Swamp:1  | HP: 2/124 [seven-headed hydra (3)]
 41578 | Swamp:1  | Reached skill level 1 in Throwing
 41579 | Swamp:1  | Killed from afar by a will-o-the-wisp

Illustrated notes

Levels and vault maps discovered:
D:1:      dpeg_arrival_brainrot, layout_basic, feat_on_display
D:2:      layout_basic, kennysheep_path_1
D:3:      layout_loops_ring, ashenzari_conservatory_becter, lemuel_doored_altar,
          uniq_natasha
D:4:      layout_basic, overflow_temple_1_default, serial_rivers,
          chequers_serial_rivers_small_b, chequers_serial_rivers_room_b,
          chequers_serial_rivers_small_3, chequers_serial_rivers_room_b,
          chequers_serial_rivers_marsh, chequers_serial_rivers_small_b,
          nicolae_ossuary_entry_false_entrances
D:5:      minmay_opposing_rooms, layout_loops_ring, overflow_temple_1_default,
          minmay_temple_entry_statues_pillars, uniq_blork_the_orc
D:6:      layout_gridville
D:7:      layout_layer_cave, uniq_menkaure
D:8:      layout_loops_cross, doesnt_xom_only_xom, kiku_gazebo_garden_becter,
          serial_shops, kennysheep_mini_moat, nicolae_shop_trees, shop_statue,
          shop, nicolae_shop_statue_plus
D:9:      layout_stronghold, serial_shops, nicolae_shop_statue_plus
D:10:     layout_loops_cross, minmay_lair_entry_grove, minmay_protected_statue,
          uniq_snorg
D:11:     lemuel_ice_spiral_2, layout_irregular_city, orc_0_dummy
D:12:     layout_basic, hangedman_decor_riveting, nicolae_ru_awakened_eye,
          uniq_nergalle, uniq_psyche
D:13:     layout_rooms, david_vaults_2, ebering_ghost_inner_flame,
          portal_ice_cave_demonic_guard
D:14:     layout_rooms, nicolae_gozag_seed_capital
D:15:     grunt_enter_depths_snipers, layout_rooms,
          grunt_dithmenos_smoke_and_mirrors, grunt_ministairs_7,
          minmay_misc_feat_doors, laboratory
Lair:1:   layout_regular_city, fungi_pond_lemuel, minmay_lair_oklob_chamber,
          infiniplex_staircase_pool_2
Lair:2:   layout_gridlike, swamp_mist, kennysheep_abandoned_house,
          infiniplex_staircase_pool, serial_bayou_shore_a
Lair:3:   layout_roguey, gammafunk_ghost_berserking_beasts, uniq_sonja
Lair:4:   layout_cave_shapes, guppyfry_snake_entry_garden, minivault_27,
          minmay_shattered_shrine
Lair:5:   layout_roguey, special_room [special_room_mythical_zoo],
          grunt_megastairs_1
Lair:6:   minmay_lair_end_frog_pond, layout_small_grid,
          nicolae_slime_entry_slimehenge, guppyfry_lair_drakes, uniq_josephine
Swamp:1:  layout_basic_swamp, evilmike_swamp_ruin_rubble_2, swamp_pool2,
          cheibrodos_swamp_minitomb
Orc:1:    layout_caves, nicolae_orc_stony_grotto, nicolae_orc_lost_temple
Orc:2:    kennysheep_orc_mage_school, layout_diamond_mine, serial_shops, shop

Skill      XL: |  1  2  3  4  5  6  7  8  9 10 11 12 13 14 15 |
---------------+----------------------------------------------+-----
Conjurations   | 4 5 6 7 8 9 10 | 10.7
Spellcasting   | 2 3 4 5 6 7 8 9 11 12 | 12.5
Stealth        | 2 3 |  3.8
Dodging        | 2 3 4 5 |  5.0
Fighting       | 1 2 3 4 5 6 7 8 9 |  9.0
Translocations | 1 2 3 4 5 6 7 |  7.1
Ice Magic      | 1 3 4 |  4.3
Shields        | 1 2 3 |  3.2
Polearms       | 1 2 3 4 5 6 7 |  7.9
Armour         | 2 3 4 5 |  5.7
Air Magic      | 3 4 6 8 9 |  9.4
Evocations     | 2 4 5 6 |  6.8
Staves         | 1 2 |  2.8
Earth Magic    | 1 2 |  2.7
Transmutations | 1 2 |  2.9
Throwing       | 1 |  1.1
Unarmed Combat | |  0.3

Action                   |  1- 3 |  4- 6 |  7- 9 | 10-12 | 13-15 || total
-------------------------+-------+-------+-------+-------+-------++-------
Melee: Unarmed           |     4 |       |       |       |    10 ||    14
       Trident           |       |       |   111 |    58 |       ||   169
       Staff             |       |       |       |    75 |   174 ||   249
Throw: Javelin           |     1 |       |       |    15 |       ||    16
       Dart              |       |       |       |     1 |     8 ||     9
 Cast: Magic Dart        |    51 |    70 |    96 |    74 |     5 ||   296
       Searing Ray       |     3 |    21 |    75 |    86 |     1 ||   186
       Iskenderun's Myst |       |       |     8 |   144 |   311 ||   463
       Frozen Ramparts   |       |       |     4 |    18 |     4 ||    26
       Airstrike         |       |       |       |     5 |   403 ||   408
Evoke: Wand              |       |       |     1 |     8 |       ||     9
       Phantom mirror    |       |       |       |     1 |       ||     1
  Use: Scroll            |       |     7 |     2 |       |    26 ||    35
       Potion            |       |       |     3 |       |     4 ||     7
 Stab: Sleeping          |       |       |     2 |     1 |     1 ||     4
Armor: Robe              |     3 |     2 |     2 |       |       ||     7
       Ring mail         |       |       |    76 |   198 |   379 ||   653
Dodge: Dodged            |    14 |    11 |    51 |   143 |   259 ||   478
Block: Other             |     4 |     7 |    34 |    73 |    87 ||   205
       Reflection        |       |       |     2 |     2 |     9 ||    13
       Kite shield       |       |       |       |       |    48 ||    48

Table legend: (Time is in decaauts)
 A = Elapsed time spent in this place.
 B = Non-inter-level travel time spent in this place.
 C = Inter-level travel time spent in this place.
 D = Time resting spent in this place.
 E = Time spent auto-exploring this place.
 F = Levels seen in this place.
 G = Mean time per level.
                   A        B        C        D        E       F      G
               +--------+--------+--------+--------+--------+-----+--------+
         Total |  41676 |  40616 |   1060 |   3317 |  32298 |  26 | 1602.9 |
       Dungeon |  22303 |  21537 |    766 |   1027 |  17908 |  15 | 1486.9 |
          Lair |  14270 |  13998 |    272 |   1884 |  10385 |   6 | 2378.3 |
         Swamp |     23 |     23 |      0 |      0 |      0 |   1 |   23.0 |
  Orcish Mines |   2837 |   2815 |     22 |      0 |   2517 |   2 | 1418.5 |
       Ossuary |    570 |    570 |      0 |      0 |    489 |   1 |  570.0 |
      Ice Cave |   1671 |   1671 |      0 |    406 |    999 |   1 | 1671.0 |
               +--------+--------+--------+--------+--------+-----+--------+

Top non-repeatable levels by time:
  Lair:4: 3187 daAuts
  Lair:2: 2835 daAuts
  Lair:6: 2678 daAuts
  Lair:5: 2581 daAuts
   Orc:2: 2115 daAuts
     D:3: 2087 daAuts
    D:15: 1903 daAuts
     D:7: 1882 daAuts
    D:10: 1796 daAuts
    D:11: 1728 daAuts
     D:4: 1706 daAuts
  Lair:1: 1704 daAuts
   IceCv: 1671 daAuts
    D:12: 1593 daAuts
     D:9: 1581 daAuts
